 Dungeon Crawl Stone Soup version 0.31.0-1-g2c135a008e (webtiles) character file.

Game seed: 3714524746188624925

54 qw the Shooter (level 4, -12/35 HPs)
             Began as a Djinni Hunter on Jan 23, 2024.
             Mangled by an ogre
             ... wielding a +0 giant spiked club
              (31 damage)
             ... on level 2 of the Dungeon.
             The game lasted 00:00:03 (1102 turns).

qw the Shooter (Djinni Hunter)                      Turns: 1102, Time: 00:00:03

Health: -12/35     AC:  3    Str: 10    XL:     4   Next: 12%
Gold:   91         EV: 12    Int: 11    God:
                   SH:  0    Dex: 18

rFire   + + .        a - +0 shortbow
rCold   x . .        (shield currently unavailable)
rNeg    . . .        c - +0 leather armour
rPois   inf          (no helmet)
rElec   .            (no cloak)
rCorr   .            (no gloves)
SInv    .            (boots unavailable)
Will    .....        (no amulet)
Stlth   ++           (no ring)
HPRegen 0.25/turn    (no ring)
MPRegen 0.00/turn

%: infuse magic (-13 HP)
@: flying
A: sickness immunity, fire resistance 2, cold vulnerability 1, float, innate
caster, HP casting, extra vitality 1
a: no special abilities


You were on level 2 of the Dungeon.
You visited 1 branch of the dungeon, and saw 2 of its levels.

You collected 91 gold pieces.


Innate Abilities, Weirdness & Mutations

You are immune to sickness and miasma.
You are immune to poison.
Your flesh is very heat resistant. (rF++)
You are vulnerable to cold. (rC-)
You float through the air rather than walking.
You learn spells naturally, not from books.
Your magical power is your life essence.
You have superior vitality. (+4 MHP)


   Skills:
 - Level 3.0 Fighting
 - Level 4.0 Ranged Weapons
 + Level 2.3 Dodging
 - Level 0.7 Stealth


You knew the following spells:

 Your Spells              Type           Power      Damage    Failure   Level
a - Sandblast             Erth           0%         2d4       43%         1
Your spell library was empty.

Inventory:

Hand Weapons
 a - a +0 shortbow (weapon)
Armour
 b - a +0 helmet
 c - a +0 leather armour (worn)
Scrolls
 d - a scroll of fog {unknown}
 e - a scroll of enchant weapon {unknown}
Potions
 f - a potion of resistance
 g - a potion of attraction {unknown}
 h - a potion of lignification {unknown}
 i - a potion of heal wounds {unknown}

Dungeon Overview and Level Annotations

Branches:
Dungeon (2/15)

Altars:


Message History

You see here a ring of poison resistance.
An endoplasm comes into view.
You shoot an arrow. The arrow hits the endoplasm.
The endoplasm quivers.
The endoplasm is heavily wounded.
Found a glowing cabochon ring.
Found a stone staircase leading down.
You shoot an arrow. The arrow hits the endoplasm.
The endoplasm is almost dead.
You shoot an arrow.
The arrow hits the endoplasm but does no damage.
The endoplasm is almost dead.
You shoot an arrow. The arrow hits the endoplasm.
You kill the endoplasm!
An ogre comes into view. It is wielding a +0 giant spiked club.
You shoot an arrow. The arrow hits the ogre.
The ogre shouts!
The ogre is lightly wounded.
You shoot an arrow. The arrow hits the ogre.
The ogre is lightly wounded.
You shoot an arrow. The arrow barely misses the ogre.
You shoot an arrow. The arrow hits the ogre.
The ogre is moderately wounded.
You shoot an arrow. The arrow hits the ogre!
The ogre is severely wounded.
The ogre barely misses you.
You shoot an arrow. The arrow closely misses the ogre.
The ogre barely misses you.
You shoot an arrow. The arrow barely misses the ogre.
The ogre barely misses you.
You shoot an arrow. The arrow hits the ogre.
The ogre is severely wounded.
You hear a shout!
The ogre hits you with a +0 giant spiked club!
You shoot an arrow.
The arrow hits the ogre but does no damage.
The ogre is severely wounded.
A kobold comes into view. It is wielding a +0 dagger.
The ogre hits you with a +0 giant spiked club!!
Ouch! That really hurt!
You die...

###..##### >#........
........=. .........
........K #
......#.###.#
.......O..#:## #.. .#
#..@.....### ###.# ##
.###.......(... . ..###.
...##........## #
#.....###.....=..#.##
###.###.#.#..###.###.##.
..#.#.##.##.## #........
#.#.##..)#...###.######.
#.....#)..##.##..#
##...##.##)#.##.##


You could see an ogre and a kobold.

Vanquished Creatures
  Robin (D:2)
  A ribbon worm (D:2)
  A dart slug (D:1)
  6 endoplasms
  A giant cockroach (D:1)
  7 goblins
  5 hobgoblins
  3 quokkas
  4 ball pythons (D:1)
  2 frilled lizards
  2 kobolds (D:2)
  2 rats
35 creatures vanquished.

Notes
Turn   | Place    | Note
-------+----------+-------------------------------------------
     0 | D:1      | qw the Djinni Hunter began the quest for the Orb.
     0 | D:1      | Reached XP level 1. HP: 18/18 MP: 0/0
     0 | D:1      | 0 ||| qw: Version: 0.3-a-134-g2ba4250
     0 | D:1      | 0 ||| qw: Game counter: 748
     0 | D:1      | 0 ||| qw: Melee chars always use a shield: true
     0 | D:1      | 0 ||| qw: God list: Okawaru
     0 | D:1      | 0 ||| qw: Allow faded altars: false
     0 | D:1      | 0 ||| qw: Do Orc after clearing Dungeon:15 true
     0 | D:1      | 0 ||| qw: Do second Lair branch before Depths: true
     0 | D:1      | 0 ||| qw: Lair rune preference: random
     0 | D:1      | 0 ||| qw: Goals: Normal
     0 | D:1      | 0 ||| PLANNING D:1-11
   162 | D:1      | Reached XP level 2. HP: 21/23 MP: 0/0
   645 | D:1      | 645 ||| READING scroll labelled XASCHU DOL WOT.
   648 | D:1      | 648 ||| READING scroll labelled MORE DOSHREATH.
   649 | D:1      | 649 ||| READING scroll labelled QANIOH RINITS.
   649 | D:1      | 649 ||| IDENTIFYING viscous golden potion
   650 | D:1      | 650 ||| DROPPING scroll of butterflies.
   688 | D:2      | Reached XP level 3. HP: 24/28 MP: 0/0
   688 | D:2      | Learned a level 1 spell: Sandblast
   710 | D:2      | Reached skill level 4 in Ranged Weapons
   735 | D:2      | Noticed Robin
   750 | D:2      | Killed Robin
   985 | D:2      | Reached XP level 4. HP: 26/34 MP: 0/0
   987 | D:2      | Reached skill level 3 in Fighting
  1093 | D:2      | Noticed an ogre
  1102 | D:2      | Mangled by an ogre

Levels and vault maps discovered:
D:1:      lightli_iron_boxes, layout_basic, supply_closet_lemuel,
          minmay_misc_feat_cross, nicolae_twisty_statue_hallways
D:2:      layout_loops_ring, minmay_heptomino_o4, uniq_robin

Skill      XL: |  1  2  3  4 |
---------------+-------------+-----
Ranged Weapons | 4 |  4.0
Fighting       | 3 |  3.0
Dodging        | |  2.3
Stealth        | |  0.7

Action                     |  1- 3 |  4- 6 || total
---------------------------+-------+-------++-------
   Fire: Shortbow          |    81 |    25 ||   106
    Use: Scroll            |     3 |       ||     3
 Armour: Leather armour    |    22 |     7 ||    29
  Dodge: Dodged            |     9 |     7 ||    16

Table legend:
 A = Non-vault XP
 B = Vault XP
 C = Vault XP percentage of total XP
 D = Non-vault monster count
 E = Vault monster count
 F = Vault count percentage of total count
                 A         B        C        D         E       F
            +---------+---------+-------+---------+---------+-------
      Total |      46 |      32 |  41.0 |      25 |      10 |  28.6
            +---------+---------+-------+---------+---------+-------
        D:1 |      27 |       0 |   0.0 |      15 |       0 |   0.0
        D:2 |      19 |      32 |  62.7 |      10 |      10 |  50.0
            +---------+---------+-------+---------+---------+-------
